 Dungeon Crawl Stone Soup version 0.26.0-45-g9c1d065592 (webtiles) character file.

Game seed: 8191803519119473298

660 H0rd4k the Sneak (level 7, -5/43 HPs)
             Began as an Octopode Transmuter on Jan 28, 2021.
             Slain by a gnoll
             ... wielding a +0 spear
              (9 damage)
             ... on level 5 of the Dungeon.
             The game lasted 00:04:19 (6028 turns).

H0rd4k the Sneak (Octopode Transmuter)              Turns: 6028, Time: 00:04:20

Health: -5/43      AC:  1    Str: 15    XL:     7   Next: 56%
Magic:  11/11      EV: 14    Int: 17    God:
Gold:   205        SH:  0    Dex: 13    Spells: 7/11 levels left

rFire    . . .     SeeInvis .     - Unarmed
rCold    . . .     Faith    .   (no shield)
rNeg     . . .     Spirit   .   (helmet restricted)
rPois    .         Reflect  .   (no amulet)
rElec    .         Harm     .   g - +6 ring of strength
rCorr    .         Rampage  .   (no ring)
Will     .....                  (no ring)
Stlth    ++++......             (no ring)
HPRegen  0.14/turn              (no ring)
MPRegen  0.12/turn              (no ring)
                                (no ring)
                                (no ring)

@: no status effects
A: almost no armour, stealthy swim, amphibious, 8 rings, constrict 8, camouflage
1, gelatinous body 1
a: no special abilities


You were on level 5 of the Dungeon.
You visited 1 branch of the dungeon, and saw 5 of its levels.

You collected 205 gold pieces.

Inventory:

Hand Weapons
 i - a +0 short sword of venom
Missiles
 h - 18 poisoned darts
Jewellery
 g - a +6 ring of strength (left tentacle)
Wands
 k - a wand of disintegration (13)
Scrolls
 a - 7 scrolls of identify {unknown}
 c - 3 scrolls of fear {unknown}
 f - a scroll of enchant armour {unknown}
Potions
 b - 7 potions of curing {unknown}
 d - a potion of might {unknown}
 e - a potion of degeneration {unknown}
 j - 2 potions of magic {unknown}
 l - a potion of flight {unknown}


   Skills:
 + Level 1.4 Fighting
 + Level 3.5 Dodging
 + Level 6.1 Stealth
 + Level 5.8 Unarmed Combat
 + Level 2.7 Spellcasting
 + Level 2.6 Transmutations
 + Level 0.1 Poison Magic


You had 7 spell levels left.
You knew the following spells:

 Your Spells              Type           Power        Failure   Level
a - Beastly Appendage     Tmut           22%          6%          1
b - Spider Form           Tmut/Pois      3%           30%         3

Your spell library contained the following spells:

 Spells                   Type           Power        Failure   Level
 Wereblood                Tmut           11%          9%          2
 Ice Form                 Ice/Tmut       6%           71%         4
 Blade Hands              Tmut           5%           86%         5


Dungeon Overview and Level Annotations

Branches:
Dungeon (5/15)             Temple (0/1) D:4

Altars:
Ashenzari
Nemelex Xobeh
Yredelemnul

Shops:
D:4 ([}

Annotations:
D:1 exclusion: downstairs
D:4 1 runed translucent door, exclusion: door, Crazy Yiuf


Innate Abilities, Weirdness & Mutations

You cannot wear most types of armour.
You are very stealthy in the water. (Stealth+)
You are amphibious.
You can wear up to eight rings at the same time.
You can use your tentacles to constrict eight enemies at once.
Your skin changes colour to match your surroundings (Stealth+).
Your rubbery body absorbs attacks. (AC +1, EV +1)


Message History

The gnoll closely misses you.
The gnoll throws a throwing net.
The throwing net hits you.
You become entangled in the net!
A river rat comes into view.
Unknown command.
You struggle against the net.
The gnoll hits you from afar with a +0 spear!
The gnoll hits you with a +0 club.
* * * LOW HITPOINT WARNING * * *
You struggle against the net.
The gnoll hits you from afar with a +0 spear.
* * * LOW HITPOINT WARNING * * *
The gnoll hits the plant with a +0 flail of draining!
The plant begins to die.
You tear a large gash into the net.
The gnoll hits you from afar with a +0 spear.
* * * LOW HITPOINT WARNING * * *
The gnoll barely misses you.
You rip the net and break free!
The gnoll hits you from afar with a +0 spear!
You die...

....####......#.##
... #<......... ..
#####........##. .
........(....#
.####..>.....#
#..†.......
..#.###..........
...)........$$...
♣.....#@..♣..♣.#.
♣♣.##.gP..♣...♣♣ ♣
♣gg♣♣..♣♣♣.. §.P.
..... .. §#..r
P..... .. §...
.....♣ . ..._.
...♣. ...... ...


You could see a gnoll sergeant, 2 gnolls and a river rat.

Vanquished Creatures
  An orc warrior (D:4)
  3 ogres (D:4)
  2 hounds (D:4)
  2 worker ants
  A hound zombie (D:5)
  9 gnolls
  An adder (D:3)
  2 river rats (D:5)
  3 worms
  2 dart slugs
  2 leopard geckos
  5 orcs
  A ball python (D:1)
  4 giant cockroaches
  5 hobgoblins
  7 jackals
  5 bats
  2 frilled lizards
  7 goblins
  12 kobolds
  8 rats
84 creatures vanquished.

Vanquished Creatures (others)
  2 fungi (D:4)
  53 plants (D:5)
55 creatures vanquished.

Grand Total: 139 creatures vanquished

Notes
Turn   | Place    | Note
-------+----------+-------------------------------------------
     0 | D:1      | H0rd4k the Octopode Transmuter began the quest for the Orb.
     0 | D:1      | Reached XP level 1. HP: 13/13 MP: 3/3
   313 | D:1      | Reached XP level 2. HP: 10/18 MP: 5/5
  1661 | D:2      | Reached XP level 3. HP: 23/23 MP: 6/6
  1820 | D:1      | HP: 1/23 [gnoll/+0 flail (8)]
  1823 | D:1      | Reached skill level 1 in Stealth
  2265 | D:2      | Reached XP level 4. HP: 21/28 MP: 5/7
  2711 | D:2      | Found a faded altar of an unknown god.
  2743 | D:2      | Reached skill level 2 in Stealth
  3249 | D:2      | Learned a level 3 spell: Spider Form
  3282 | D:3      | Found a broken altar of Ashenzari.
  3371 | D:3      | Reached XP level 5. HP: 29/33 MP: 8/8
  3816 | D:3      | Found a sparkling altar of Nemelex Xobeh.
  4260 | D:4      | Found Facoagh's Weapon Shop.
  4268 | D:4      | Noticed an ogre
  4277 | D:4      | Killed an ogre
  4278 | D:4      | Reached skill level 3 in Stealth
  4283 | D:4      | Reached XP level 6. HP: 21/38 MP: 9/9
  4467 | D:4      | Reached skill level 4 in Stealth
  4467 | D:4      | Reached skill level 5 in Unarmed Combat
  4677 | D:4      | Reached XP level 7. HP: 43/43 MP: 10/10
  4691 | D:4      | Reached skill level 5 in Stealth
  4824 | D:4      | Found Wilasaokh's Armour Shop.
  4855 | D:4      | Found a staircase to the Ecumenical Temple.
  5608 | D:4      | Found Gekki's Gadget Boutique.
  5714 | D:4      | Found a runed translucent door.
  5715 | D:4      | Noticed Crazy Yiuf
  5767 | D:5      | Entered Level 5 of the Dungeon
  5890 | D:5      | Reached skill level 6 in Stealth
  6020 | D:5      | Found a basalt altar of Yredelemnul.
  6028 | D:5      | Slain by a gnoll

Illustrated notes

Levels and vault maps discovered:
D:1:      dpeg_arrival_leaves_temple_mockup, layout_loops_ring,
          kennysheep_small_spiral, minmay_door_square
D:2:      layout_basic, chequers_ecumenical_altar_island
D:3:      layout_basic, nemelex_xobeh_ov_fountains_minmay,
          evilmike_ruin_ashenzari
D:4:      layout_loops_ring, minmay_temple_entry_drinking_statues, serial_shops,
          nicolae_shop_trees, shop, nicolae_shop_crystal,
          uniq_crazy_yiuf_cottage
D:5:      wad_woods_stonehenge, layout_rooms

Skill      XL: |  1  2  3  4  5  6  7 |
---------------+----------------------+-----
Stealth        | 1 2 3 4 6 |  6.1
Unarmed Combat | 4 5 |  5.8
Dodging        | 3 |  3.5
Fighting       | |  1.4
Spellcasting   | |  2.7
Transmutations | |  2.6
Poison Magic   | |  0.1

Action                   |  1- 3 |  4- 6 |  7- 9 || total
-------------------------+-------+-------+-------++-------
Melee: Unarmed           |    75 |   100 |    42 ||   217
       Tentacles         |    15 |    22 |    13 ||    50
       Constrict         |    18 |    29 |    14 ||    61
       Punch             |     4 |     4 |     2 ||    10
       Kick              |     3 |    12 |     3 ||    18
 Cast: Beastly Appendage |     3 |     4 |     2 ||     9
       Spider Form       |       |       |     1 ||     1
 Stab: Sleeping          |     5 |     6 |     3 ||    14
       Distracted        |       |       |     1 ||     1
Armor: Skin              |     7 |     3 |       ||    10
Dodge: Dodged            |    46 |    64 |    22 ||   132
